 Dungeon Crawl Stone Soup version 0.31-a0-66-ge618eeaa78 (webtiles) character file.

Game seed: 15414626412763803544

7 lunkers the Magician (level 2, 0/24 HPs)
             Began as a Meteoran Wanderer on May 22, 2023.
             Slain by a gnoll
             ... wielding a +0 spear
              (3 damage)
             ... on level 2 of the Dungeon.
             The game lasted 00:02:13 (196 turns).

lunkers the Magician (Meteoran Wanderer)             Turns: 196, Time: 00:02:14

Health: 0/24       AC:  3    Str: 10    XL:     2   Next: 17%
Magic:  9/9        EV: 11    Int: 16    God:
Gold:   15         SH:  3    Dex: 13    Spells: 11/11 levels left

rFire   . . .        a - +0 dagger
rCold   . . .        h - +0 buckler
rNeg    . . .        c - +0 robe
rPois   .            (no helmet)
rElec   .            (no cloak)
rCorr   .            (no gloves)
SInv    .            g - +0 pair of boots
Will    .....        (no amulet)
Stlth   +            (no ring)
HPRegen 0.24/turn    (no ring)
MPRegen 0.11/turn

%: no passive effects
@: glowing
A: sense surroundings 1, otherworldly, glowing, explore regen
a: no special abilities


You were on level 2 of the Dungeon.
You visited 1 branch of the dungeon, and saw 2 of its levels.

You collected 15 gold pieces.

Inventory:

Hand Weapons
 a - a +0 dagger (weapon)
Armour
 c - a +0 robe (worn)
 g - a +0 pair of boots (worn)
 h - a +0 buckler (worn)
Scrolls
 b - a scroll of fog
 e - a scroll of fear {unknown}
 f - a scroll of amnesia {unknown}
 i - a scroll of identify {unknown}
Potions
 j - a potion of degeneration {unknown}
Miscellaneous
 d - a piece from Xom's chessboard (11/15)


   Skills:
 + Level 1.6 Fighting
 - Level 1.2 Throwing
 - Level 1.2 Dodging
 - Level 5.3 Spellcasting
 - Level 3.6 Fire Magic
 - Level 1.2 Evocations


You had 11 spell levels left.
You didn't know any spells.
Your spell library contained the following spells:

 Spells                   Type           Power      Damage    Failure   Level
 Scorch                   Fire           30%        2d6       8%          2
 Foxfire                  Conj/Fire      28%        2x1d5     14%         1
 Sandblast                Erth           8%         2d5       22%         1
 Ignite Poison            Fire/Tmut/Pois 5%         N/A       52%         3
 Stone Arrow              Conj/Erth      4%         3d7       65%         3


Dungeon Overview and Level Annotations

Branches:
Dungeon (1/15) Zot: 1002

Altars:
Vehumet


Innate Abilities, Weirdness & Mutations

You passively map a small area around you.
You are easily found by Zot.
You glow in the dark.
You regain HP and MP as you explore.


Message History

No target in view!
No target in view!
No target in view!
No target in view!
No target in view!
No target in view!
No target in view!
No target in view!
No target in view!
Found a dagger.
Found a stone staircase leading down.
Found 2 stones.
You now have 15 gold pieces.
A gnoll comes into view. It is wielding a +0 halberd.
The gnoll shouts!
You hear a shout!
A gnoll comes into view. It is wielding a +0 spear.
There are monsters nearby!
The gnoll hits you from afar with a +0 halberd.
Okay, then.
You make a move on Xom's chessboard...
The gnoll falls asleep!
Unknown command.
The gnoll shouts!
You hear a shout! x2
A gnoll comes into view. It is wielding a +0 spear.
The gnoll barely misses you. The gnoll misses you.
You closely miss the gnoll. The gnoll hits you with a +0 spear!
* * * LOW HITPOINT WARNING * * *
The gnoll closely misses you.
You make a move on Xom's chessboard...
The gnoll seems to slow down.
The gnoll hits you with a +0 spear.
* * * LOW HITPOINT WARNING * * *
The gnoll barely misses you.
The gnoll hits you from afar with a +0 spear.
* * * LOW HITPOINT WARNING * * *
You make a move on Xom's chessboard...
The gnoll is moving more slowly.
A gnoll comes into view. It is wielding a +0 flail.
You block the gnoll's attack. The gnoll hits you with a +0 halberd!
* * * LOW HITPOINT WARNING * * *
You make a move on Xom's chessboard...
The gnoll resists with significant effort.
The gnoll hits you from afar with a +0 spear.
You die...

#......#* ...#....
#......# #......, ,
#......# ##........
#......####..g#g..) ,
##.................# ,
#..._...#.##...# .>#* <
#.......g.##...# ..##* ,
#........###...##...## #
#........@gg.........#..
##########g........#....
#.####........# ###.#
##.......# ##...#
##....#....
####..#####..........
##..............<....#
#..##....###.........#
##.###....###.#........


You could see 4 gnolls.

Vanquished Creatures
  A ball python (D:1)
  A giant cockroach (D:1)
  A hobgoblin (D:1)
  A quokka (D:2)
  A bat (D:1)
  A rat (D:1)
6 creatures vanquished.

Notes
Turn   | Place    | Note
-------+----------+-------------------------------------------
     0 | D:1      | lunkers the Meteoran Wanderer began the quest for the Orb.
     0 | D:1      | lunkers set off with the following items: a +0 dagger, a
                  | scroll of fog, a +0 robe, a piece from Xom's chessboard
                  | (15/15); and the following spells available to memorise:
                  | Scorch, Foxfire, Sandblast, Ignite Poison, Stone Arrow.
     0 | D:1      | Reached XP level 1. HP: 14/14 MP: 7/7
    72 | D:1      | Reached skill level 1 in Fighting
    92 | D:1      | Reached XP level 2. HP: 22/23 MP: 9/9
   130 | D:1      | You fall into a shaft and drop 1 floor!
   130 | D:2      | Found a radiant altar of Vehumet.
   196 | D:2      | Slain by a gnoll

Illustrated notes

Levels and vault maps discovered:
D:1:      dpeg_arrival_water_altar, layout_basic, serial_shops, shop
D:2:      layout_rooms, basic_altar, minmay_pentomino_u4

Skill      XL: |  1 |
---------------+----+-----
Fighting       | 1 |  1.6
Throwing       | |  1.2
Dodging        | |  1.2
Spellcasting   | |  5.3
Fire Magic     | |  3.6
Evocations     | |  1.2

Action                     || total
---------------------------++-------
  Melee: Dagger            ||    34
  Evoke: Piece from Xom's  ||     4
 Armour: Robe              ||    13
  Dodge: Dodged            ||    28
  Block: Buckler           ||     1

Table legend: (Time is in decaauts)
 A = Elapsed time spent in this place.
 B = Non-inter-level travel time spent in this place.
 C = Inter-level travel time spent in this place.
 D = Time resting spent in this place.
 E = Time spent auto-exploring this place.
 F = Levels seen in this place.
 G = Mean time per level.
                   A        B        C        D        E       F      G
               +--------+--------+--------+--------+--------+-----+--------+
         Total |    196 |    196 |      0 |      0 |    109 |   2 |   98.0 |
       Dungeon |    196 |    196 |      0 |      0 |    109 |   2 |   98.0 |
               +--------+--------+--------+--------+--------+-----+--------+

Top non-repeatable levels by time:
     D:1: 130 daAuts
     D:2: 66 daAuts
